 Dungeon Crawl Stone Soup version 0.30-a0-881-g1ff12e1e11 (webtiles) character file.

Game seed: 612535042008080723

151 ooooo the Conjurer (level 5, -1/35 HPs)
             Began as a Demonspawn Conjurer on Mar 15, 2023.
             Slain by Crazy Yiuf
             ... wielding a +4 quarterstaff of chaos
              (5 damage)
             ... on level 2 of the Dungeon.
             The game lasted 00:03:40 (2887 turns).

ooooo the Conjurer (Demonspawn Conjurer)            Turns: 2887, Time: 00:03:40

Health: -1/35      AC: 14    Str:  7    XL:     5   Next: 11%
Magic:  0/8        EV: 11    Int: 22    God:
Gold:   75         SH:  0    Dex: 11    Spells: 5/8 levels left

rFire   + . .      SeeInvis .    p - +0 dagger (venom)
rCold   + . .      Faith    .    (no shield)
rNeg    + . .      Spirit   .    e - +0 leather armour
rPois   +          Reflect  .    (no helmet)
rElec   +          Rampage  .    (no cloak)
rCorr   +                        m - +0 pair of gloves
Will    .....                    (no boots)
Stlth   +                        (no amulet)
HPRegen 0.25/turn                l - ring of positive energy
MPRegen 0.11/turn                q - +4 ring of protection

@: resistant, sanguine armoured
A: claws 1, sanguine armour 1
a: no special abilities


You were on level 2 of the Dungeon.
You visited 1 branch of the dungeon, and saw 2 of its levels.

You collected 75 gold pieces.

Inventory:

Hand Weapons
 c - a +0 short sword
 h - a +0 short sword
 p - a +0 dagger of venom (weapon)
Missiles
 n - 2 poisoned darts
Armour
 e - a +0 leather armour (worn)
 m - a +0 pair of gloves (worn)
Jewellery
 l - a ring of positive energy (left hand)
 q - a +4 ring of protection (right hand)
Scrolls
 d - 2 scrolls of magic mapping {unknown}
 f - 2 scrolls of identify {unknown}
 g - a scroll of fog {unknown}
 i - a scroll of immolation {unknown}
 k - a scroll of silence {unknown}
 o - a scroll of teleportation {unknown}
Potions
 a - a potion of ambrosia {unknown}
 b - a potion of magic
 j - a potion of heal wounds {unknown}


   Skills:
 - Level 1.7 Dodging
 - Level 1.7 Stealth
 - Level 2.0 Spellcasting
 + Level 6.4 Conjurations


You had 5 spell levels left.
You knew the following spells:

 Your Spells              Type           Power      Damage    Failure   Level
a - Searing Ray           Conj           60%        2d6       2%          2
b - Magic Dart            Conj           100%       1d8       1%          1

Your spell library contained the following spells:

 Spells                   Type           Power      Damage    Failure   Level
 Dazzling Flash           Conj/Hex       32%        N/A       17%         3
 Fulminant Prism          Conj/Hex       8%         3d7       50%         4
 Iskenderun's Mystic Bla  Conj/Tloc      16%        2d5       50%         4


Dungeon Overview and Level Annotations

Branches:
Dungeon (2/15) Zot: 9115

Altars:

Annotations:
D:2 Crazy Yiuf


Innate Abilities, Weirdness & Mutations

You have sharp fingernails.
When seriously injured, your blood forms armour. (AC +6)


Message History

There is an open door here.
There is an open door here.
You see here a +0 club.
Crazy Yiuf shouts!
You open the door.
Casting: Searing Ray (safe; 2% risk of failure)
Confirm with . or Enter, or press ? or * to list all spells.
Aiming: Searing Ray (safe; 2% risk of failure)
Press: ? - help, Shift-Dir - straight line, f - Crazy Yiuf
Aim: Crazy Yiuf, wielding a +4 quarterstaff of chaos and wearing a +0 cloak (82% to hit)
The searing ray hits Crazy Yiuf!
Crazy Yiuf is moderately wounded. (Press . to maintain the ray.) Crazy Yiuf hits you with a +4 quarterstaff of chaos.
You feel protected.
The searing ray hits Crazy Yiuf.
Crazy Yiuf is severely wounded.
Crazy Yiuf hits you with a +4 quarterstaff of chaos!
Your blood congeals into armour.
You feel your power leaking away.
Unknown command.
The searing ray hits Crazy Yiuf.
Crazy Yiuf is almost dead.
Crazy Yiuf hits you with a +4 quarterstaff of chaos!
Unknown command.
Unknown command.
Without enough magic to sustain it, your searing ray dissipates.
Crazy Yiuf closely misses you.
Unknown command.
You barely miss Crazy Yiuf.
Crazy Yiuf is almost dead.
Crazy Yiuf hits you with a +4 quarterstaff of chaos.
You hit Crazy Yiuf but do no damage.
Crazy Yiuf is poisoned.
Crazy Yiuf is almost dead.
Crazy Yiuf hits you with a +4 quarterstaff of chaos!
* * * LOW HITPOINT WARNING * * *
Unknown command.
Crazy Yiuf attacks as you move away!
Crazy Yiuf hits you with a +4 quarterstaff of chaos.
You die...

..............#
....####...####
....# #...#
....# #...#
##### #...#
#...# #)..#
#...# #...#
#...# .####
#...# ... .#
#...# #g# .#
#...# ♣@♣♣ .#
##.## ♣♣.♣ .#
#.# ♣.♣♣ ## #.#
♣♣.♣ #.# ♣♣.♣♣
#)# ♣♣...♣ #.#
♣....♣ #.#
#....#
#.#####....#


You could see Crazy Yiuf (very poisoned).

Vanquished Creatures
  Natasha (thrice) (D:2)
  4 adders (D:2)
  A bat (D:2)
  5 endoplasms
  A giant cockroach (D:2)
  4 goblins
  3 hobgoblins
  A quokka (D:2)
  6 ball pythons
  A frilled lizard (D:1)
  8 kobolds
  8 rats
45 creatures vanquished.

Notes
Turn   | Place    | Note
-------+----------+-------------------------------------------
     0 | D:1      | ooooo the Demonspawn Conjurer began the quest for the Orb.
     0 | D:1      | Reached XP level 1. HP: 13/13 MP: 3/3
   420 | D:1      | Gained mutation: You have sharp fingernails. [demonic
                  | ancestry]
   420 | D:1      | Reached XP level 2. HP: 16/19 MP: 3/5
   978 | D:2      | Learned a level 2 spell: Searing Ray
  1091 | D:2      | Reached skill level 5 in Conjurations
  1091 | D:2      | Gained mutation: When seriously injured, your blood forms
                  | armour. (AC +6) [demonic ancestry]
  1091 | D:2      | Reached XP level 3. HP: 24/24 MP: 2/6
  1323 | D:2      | Found a faded altar of an unknown god.
  1531 | D:2      | Noticed Natasha
  1535 | D:2      | Killed Natasha
  1536 | D:2      | Reached XP level 4. HP: 25/30 MP: 1/7
  1569 | D:2      | Noticed Natasha
  1573 | D:2      | Killed Natasha
  1824 | D:2      | Reached skill level 6 in Conjurations
  2250 | D:2      | Found a runed translucent door.
  2251 | D:2      | Noticed Crazy Yiuf
  2429 | D:2      | Found a faded altar of an unknown god.
  2589 | D:2      | Noticed Natasha
  2596 | D:2      | Killed Natasha
  2597 | D:2      | Reached XP level 5. HP: 22/35 MP: 0/8
  2887 | D:2      | Slain by Crazy Yiuf

Illustrated notes

Levels and vault maps discovered:
D:1:      onia_arrival_pentagram, layout_basic, hangedman_decor_points
D:2:      layout_basic, basic_ecumenical_altar, minmay_crystal_water,
          minmay_box_of_dots, uniq_crazy_yiuf_cottage, uniq_natasha

Skill      XL: |  1  2  3  4 |
---------------+-------------+-----
Conjurations   | 5 6 |  6.4
Dodging        | |  1.7
Stealth        | |  1.7
Spellcasting   | |  2.0

Action                     |  1- 3 |  4- 6 || total
---------------------------+-------+-------++-------
  Melee: Short sword       |     5 |       ||     5
         Dagger            |     1 |    13 ||    14
   Cast: Magic Dart        |    23 |       ||    23
         Searing Ray       |    10 |     7 ||    17
   Stab: Sleeping          |     3 |       ||     3
 Armour: Leather armour    |     2 |     4 ||     6
  Dodge: Dodged            |     7 |    10 ||    17

Table legend: (Time is in decaauts)
 A = Elapsed time spent in this place.
 B = Non-inter-level travel time spent in this place.
 C = Inter-level travel time spent in this place.
 D = Time resting spent in this place.
 E = Time spent auto-exploring this place.
 F = Levels seen in this place.
 G = Mean time per level.
                   A        B        C        D        E       F      G
               +--------+--------+--------+--------+--------+-----+--------+
         Total |   2884 |   2838 |     46 |    585 |   1981 |   2 | 1442.0 |
       Dungeon |   2884 |   2838 |     46 |    585 |   1981 |   2 | 1442.0 |
               +--------+--------+--------+--------+--------+-----+--------+

Top non-repeatable levels by time:
     D:2: 1915 daAuts
     D:1: 969 daAuts
